 Dungeon Crawl Stone Soup version 0.24.0-13-gcf9b319 (webtiles) character file.

Game seed: 13318097294808028790, levelgen mode: deterministic

99 Abanax the Sneak (level 4, -4/37 HPs)
             Began as a Draconian Assassin on Feb 2, 2020.
             Was a Follower of Wu Jian.
             Slain by an orc warrior
             ... wielding a +0 long sword
              (19 damage)
             ... on level 3 of the Dungeon.
             The game lasted 00:12:55 (2081 turns).

Abanax the Sneak (Draconian Assassin)               Turns: 2081, Time: 00:12:56

Health: -4/37      AC:  7    Str: 15    XL:     4   Next: 45%
Magic:  4/4        EV: 12    Int: 11    God:    Wu Jian [*.....]
Gold:   105        SH:  0    Dex: 12    Spells: 3/3 levels left

rFire    . . .     SeeInvis .   a - +2 dagger
rCold    + . .     Gourm    .   (no shield)
rNeg     . . .     Faith    .   (armour unavailable)
rPois    .         Spirit   .   (helmet restricted)
rElec    .         Reflect  .   b - +0 cloak
rCorr    .         Harm     .   f - +0 pair of gloves
MR       .....                  (no boots)
Stlth    ++........             (no amulet)
HPRegen  0.12/turn              i - ring of protection from cold
MPRegen  0.09/turn              (no ring)

@: no status effects
A: unfitting armour, cold-blooded, AC +5
a: Renounce Religion


You were on level 3 of the Dungeon.
You worshipped Wu Jian.
Wu Jian was aware of your devotion.
You were not hungry.

You visited 1 branch of the dungeon, and saw 3 of its levels.

You collected 105 gold pieces.

Inventory:

Hand Weapons
 a - a +2 dagger (weapon)
Missiles
 c - 7 poisoned darts (quivered)
 d - 2 curare-tipped darts
Armour
 b - a +0 cloak (worn)
 f - a +0 pair of gloves (worn)
Jewellery
 i - a ring of protection from cold (left hand)
Scrolls
 e - a scroll of remove curse {unknown}
 j - a scroll of magic mapping {unknown}
 k - 3 scrolls of identify {unknown}
 m - a scroll of fog {unknown}
 p - a scroll of random uselessness {unknown}
Potions
 g - 2 potions of curing
 h - a potion of magic {unknown}
 l - a potion of cancellation {unknown}
 n - 2 potions of degeneration {unknown}
 o - a potion of flight {unknown}
 q - a potion of might {unknown}
Comestibles
 r - 3 rations


   Skills:
 + Level 2.9 Fighting
 + Level 2.8 Short Blades
 + Level 2.4 Throwing
 + Level 1.8 Dodging
 + Level 4.1 Stealth


You had 3 spell levels left.
You didn't know any spells.
Your spell library was empty.

Dungeon Overview and Level Annotations

Branches:
Dungeon (3/15)

Altars:
Ashenzari
Nemelex Xobeh
Ru
Vehumet
Wu Jian


Innate Abilities, Weirdness & Mutations

Your plain brown scales are hard. (AC +5)
You cannot fit into any form of body armour.
You are cold-blooded and may be slowed by cold attacks.


Message History

3 orcs and an orc warrior come into view.
The orc shouts! x2; The orc warrior shouts!
Found 14 gold pieces.
The orc shouts!
You hit the orc warrior but do no damage.
The orc warrior closely misses you.
You hit the orc warrior.
The orc warrior is lightly wounded.
The orc warrior closely misses you.
You hit the orc warrior but do no damage.
You tail-slap the orc warrior.
The orc warrior is lightly wounded.
You hit the orc warrior but do no damage.
The orc warrior is lightly wounded.
The orc warrior hits you with a +0 long sword!
* * * LOW HITPOINT WARNING * * *
It was a potion of curing.
You feel better.
The orc warrior hits you with a +0 long sword!!
Ouch! That really hurt!
You die...

### ########### #..
#.........# #..
#.#.####.#######.#######..
#.........................
#.######.#######.###......
........@oooo.#..........
......#######.######.....
###...# . ######
#.....#.###+### ######
#.#.....#.....####..รท..
#. ...........'........ #
##...#..)).####..... ...
#....)######### .
..#.....#....# #


You could see an orc warrior and 3 orcs.

Vanquished Creatures
  An adder (D:2)
  A worm (D:2)
  2 leopard geckos
  14 orcs
  7 bats
  3 giant cockroaches
  10 goblins
  6 hobgoblins
  9 jackals
  A kobold (D:3)
  A quokka (D:3)
  2 ball pythons
  2 frilled lizards
  3 rats
62 creatures vanquished.

Notes
Turn   | Place    | Note
-------+----------+-------------------------------------------
     0 | D:1      | Abanax the Draconian Assassin began the quest for the Orb.
     0 | D:1      | Reached XP level 1. HP: 17/17 MP: 1/1
   137 | D:1      | Reached skill level 1 in Dodging
   236 | D:1      | Reached XP level 2. HP: 20/25 MP: 2/2
   917 | D:2      | Found a radiant altar of Vehumet.
  1033 | D:2      | Reached XP level 3. HP: 22/30 MP: 3/3
  1096 | D:2      | Found an ornate altar of the Wu Jian Council.
  1111 | D:2      | Became a worshipper of the Wu Jian Council
  1205 | D:2      | Found a shattered altar of Ashenzari.
  1491 | D:2      | Reached skill level 4 in Stealth
  1642 | D:3      | Found a sparkling altar of Nemelex Xobeh.
  1648 | D:3      | Reached XP level 4. HP: 33/37 MP: 4/4
  1751 | D:3      | Reached * piety under Wu Jian
  1863 | D:3      | Found a sacrificial altar of Ru.
  2074 | D:3      | Noticed an orc warrior
  2081 | D:3      | Slain by an orc warrior

Levels and vault maps discovered:
D:1:      ncdulo_lavacross, layout_basic
D:2:      layout_loops_ring, nicolae_overflow_crystal_walls,
          lemuel_coloured_pillars_altar, ashenzari_altar_1,
          guppyfry_early_orc_mine
D:3:      lemuel_upstairs_altar, layout_basic,
          nemelex_xobeh_ov_fountains_minmay, first_ration,
          nicolae_ru_awakened_eye, uniq_ijyb

Skill      XL: |  1  2  3 |
---------------+----------+-----
Dodging        | 1 |  1.8
Throwing       | 2 |  2.4
Stealth        | 4 |  4.1
Fighting       | |  2.9
Short Blades   | |  2.8

Action                   |  1- 3 |  4- 6 || total
-------------------------+-------+-------++-------
Melee: Dagger            |   144 |    95 ||   239
       Tailslap          |    16 |     7 ||    23
Throw: Dart              |    36 |     6 ||    42
Invok: Lunge             |     4 |     6 ||    10
       Whirlwind         |       |    57 ||    57
  Use: Potion            |       |     1 ||     1
 Stab: Sleeping          |     1 |     1 ||     2
  Eat: Chunk             |     2 |       ||     2
       Ration            |       |     1 ||     1
Armor: Skin              |    37 |    19 ||    56
Dodge: Dodged            |    77 |    38 ||   115
